 Dungeon Crawl Stone Soup version 0.21-a0-529-g8c7b3f5 (webtiles) character file.

30 Gerstahl the Skirmisher (level 3, 24/24 HPs)
             Began as a Gargoyle Monk on Dec 9, 2017.
             Quit the game on level 2 of the Dungeon.
             The game lasted 00:01:18 (893 turns).

Gerstahl the Skirmisher (Gargoyle Monk)              Turns: 893, Time: 00:01:19

Health: 24/24      AC:  5    Str: 14    XL:     3   Next: 18%
Magic:  3/3        EV: 13    Int: 10    God:
Gold:   36         SH:  0    Dex: 13    Spells: 2/2 levels left

rFire    . . .     SeeInvis .   a - +0 falchion
rCold    . . .     Gourm    .   (no shield)
rNeg     + . .     Faith    .   b - +0 robe
rPois    ∞         Spirit   .   (no helmet)
rElec    +         Reflect  .   (no cloak)
rCorr    .         Harm     .   (no gloves)
MR       .....                  (no boots)
Stlth    ++........             (no amulet)
HPRegen  0.08/turn              (no ring)
MPRegen  0.08/turn              (no ring)

@: no status effects
A: negative energy resistance 1, electricity resistance, unbreathing,
petrification resistance, rot immunity, AC +3
a: no special abilities


You were on level 2 of the Dungeon.
You were not hungry.

You visited 1 branch of the dungeon, and saw 2 of its levels.

You collected 36 gold pieces.

Inventory:

Hand Weapons
 a - a +0 falchion (weapon)
Armour
 b - a +0 robe (worn)
Jewellery
 k - an uncursed ring of protection from fire {unknown}
Scrolls
 d - a scroll of remove curse {unknown}
 e - a scroll of enchant weapon {unknown}
 f - a scroll of magic mapping {unknown}
 i - a scroll of teleportation {unknown}
Potions
 g - a potion of curing {unknown}
 h - a potion of invisibility {unknown}
Comestibles
 c - 2 bread rations
 j - a meat ration


   Skills:
 + Level 4.0 Fighting
 + Level 3.3 Long Blades
 - Level 2.4 Dodging
 - Level 2.1 Stealth


You had 2 spell levels left.
You didn't know any spells.

Dungeon Overview and Level Annotations

Branches:
Dungeon (2/15)

Altars:


Innate Abilities, Weirdness & Mutations

You are resistant to torment.
Your stone body is resilient. (AC +3)
You are immune to poison.
You resist negative energy. (rN+)
You are resistant to electric shocks. (rElec)
You can survive without breathing.
You are immune to petrification.
You are immune to rotting.


Message History

You now have 36 gold pieces (gained 16).
k - a sapphire ring No target in view!
You open the door.
There is an open door here.
You open the door.
There is an open door here.
There is an open door here.
Done exploring.
No target in view!
Done exploring.
No target in view!
Done exploring.
No target in view!
Done exploring.
No target in view!
There is a stone staircase leading down here.
You climb downwards.
There is a stone staircase leading up here.
Are you sure you want to abandon this character and quit the game? (Confirm with "yes".)

#.#
#.#
#.#
#.#
#.#
#.#
#.#
#@#
#.#
#..
####


There were no monsters in sight!

Vanquished Creatures
  A dart slug (D:1)
  7 bats (D:1)
  A giant cockroach (D:1)
  3 goblins (D:1)
  2 hobgoblins (D:1)
  8 kobolds (D:1)
  A ball python (D:1)
  2 frilled lizards (D:1)
  A rat (D:1)
26 creatures vanquished.

Notes
Turn   | Place    | Note
-------+----------+-------------------------------------------
     0 | D:1      | Gerstahl the Gargoyle Monk began the quest for the Orb.
     0 | D:1      | Reached XP level 1. HP: 14/14 MP: 1/1
   300 | D:1      | Reached XP level 2. HP: 19/19 MP: 2/2
   771 | D:1      | Reached XP level 3. HP: 23/24 MP: 3/3
   779 | D:1      | Reached skill level 4 in Fighting
   893 | D:2      | Quit the game

Vault maps used:
D:1:      dpeg_arrival_rhombus, minmay_pentomino_r2
D:2:      nicolae_overflow_crystal_walls, first_bread

Skill      XL: |  1  2  3 |
---------------+----------+-----
Long Blades    | 3 |  3.3
Fighting       | 4 |  4.0
Dodging        | |  2.4
Stealth        | |  2.1

Action                   || total
-------------------------++-------
Melee: Falchion          ||    74
 Stab: Sleeping          ||     4
Armor: Robe              ||    32
Dodge: Dodged            ||    63
       Rpst.: Falchion   ||    23

Table legend:
 A = Spawn XP
 B = Non-spawn XP
 C = Spawn XP percentage of total XP
 D = Spawn monster count
 E = Non-spawn monster count
 F = Spawn count percentage of total count
 G = Total turns spent on level
                    A         B        C        D         E        F      G
               +---------+---------+-------+---------+---------+-------+---------
         Total |       0 |      43 |   0.0 |       0 |      26 |   0.0 |   893
               +---------+---------+-------+---------+---------+-------+---------
           D:1 |       0 |      43 |   0.0 |       0 |      26 |   0.0 |   892
               +---------+---------+-------+---------+---------+-------+---------
